 Dungeon Crawl Stone Soup version 0.27-a0-1500-g450c7e4133 (console) character file.

Game seed: 11585079855128948277

36728 jejorda2 the Impaler (level 13, -1/118 HPs)
             Began as a Merfolk Berserker on July 7, 2021.
             Was an Elder of Trog.
             Slain by a death yak (13 damage)
             ... on level 5 of the Lair of Beasts.
             The game lasted 00:36:35 (16384 turns).

jejorda2 the Impaler (Merfolk Berserker)           Turns: 16384, Time: 00:36:35

Health: -1/118     AC: 19    Str: 22    XL:     13   Next: 92%
Magic:  13/13      EV: 10    Int:  7    God:    Trog [****..]
Gold:   849        SH:  0    Dex: 13    Spells: 12/12 levels left

rFire    . . .     SeeInvis +   a - +3 trident (vamp)
rCold    . . .     Faith    .   (no shield)
rNeg     . . .     Spirit   .   g - +2 chain mail {rPois}
rPois    +         Reflect  .   l - +2 helmet
rElec    .         Harm     .   (no cloak)
rCorr    .         Rampage  .   (no gloves)
Will     +++..                  B - +2 pair of boots
Stlth    ..........             (no amulet)
HPRegen  1.29/turn              c - ring "Husah" {Ice Will+ SInv}
MPRegen  0.13/turn              y - ring of fire

@: strong-willed, on berserk cooldown, regenerating, slowed, studying 2 skills,
very slow
A: (nimble swimmer 2), mertail
a: Renounce Religion, Berserk, Trog's Hand, Brothers in Arms


You were on level 5 of the Lair of Beasts.
You worshipped Trog.
Trog was greatly pleased with you.
You visited 2 branches of the dungeon, and saw 14 of its levels.
You also visited: Sewer, Ossuary and Volcano.

You collected 1227 gold pieces.
You spent 378 gold pieces at shops.

Inventory:

Hand Weapons
 a - a +3 vampiric trident (weapon)
 b - a +2 trident of freezing
 D - a +0 trident of protection
Missiles
 k - 64 poisoned darts (quivered)
 r - 2 throwing nets
 s - 5 boomerangs
 G - a curare-tipped dart
Armour
 g - a +2 chain mail of poison resistance (worn)
 l - a +2 helmet (worn)
 B - a +2 pair of boots (worn)
Jewellery
 c - the ring "Husah" (left hand) {Ice Will+ SInv}
   (You found it on level 5 of the Dungeon)

   [ring of ice]

   It enhances your ice magic.
   rF:        It makes you vulnerable to fire.
   rC:        It protects you from cold.
   SInv:      It lets you see invisible.
   Will:      It increases your willpower.
 y - a ring of fire (right hand)
 I - a ring of ice
 N - a ring of see invisible
Wands
 m - a wand of flame (18)
 o - a wand of charming (10)
 u - a wand of iceblast (17)
 H - a wand of polymorph (20)
Scrolls
 i - 3 scrolls of brand weapon
 v - 3 scrolls of fear
 w - 2 scrolls of immolation
 A - 3 scrolls of teleportation
 C - 7 scrolls of blinking
 F - 13 scrolls of identify
 K - a scroll of enchant armour
 L - a scroll of fog
 M - a scroll of magic mapping
Potions
 d - 2 potions of invisibility
 e - 3 potions of resistance
 f - 5 potions of berserk rage
 h - a potion of flight
 j - 3 potions of haste
 n - 7 potions of curing
 p - 4 potions of mutation
 q - 2 potions of might
 t - 4 potions of attraction
 x - a potion of heal wounds
 z - 3 potions of lignification
 E - a potion of ambrosia
 J - a potion of magic


   Skills:
 + Level 16.2 Fighting
 - Level 20.0 Polearms
 - Level 6.0 Throwing
 + Level 7.2 Armour
 - Level 6.0 Dodging
 - Level 6.0 Evocations


You had 12 spell levels left.
You didn't know any spells.
Your spell library was empty.

Dungeon Overview and Level Annotations

Branches:
Dungeon (9/15)             Temple (0/1) D:4            Lair (5/6) D:9
  Swamp (0/4) Lair:4        Snake (0/4) Lair:4        Sewer (visited)
Ossuary (visited)         Volcano (visited)
  Slime: Lair:5-6       Orc: D:9-12

Altars:
The Shining One

Shops:
D:3 *=?!   D:9 *


Innate Abilities, Weirdness & Mutations

((You are quick and stealthy near water. (Stealth+, EV+, Speed+++)))
Your lower body shifts to a powerful aquatic tail in water.


Message History

The death yak is severely wounded.
The death yak gores you!!
* * * LOW HITPOINT WARNING * * *
The death yak completely misses you.
You puncture the death yak!
The death yak is severely wounded.
You feel yourself speed up.
The death yak gores you but does no damage.
You barely miss the death yak.
The death yak is severely wounded.
The death yak gores you!!
* * * LOW HITPOINT WARNING * * *
You barely miss the death yak.
The death yak is severely wounded.
You puncture the death yak!
The death yak is almost dead.
You are no longer berserk.
You are exhausted.
You feel yourself slow down. The death yak misses you.
Unknown command.
You feel much better.
The death yak gores you but does no damage.
The death yak closely misses you.
The death yak gores you but does no damage.
Your black bear goes berserk!
The death yak gores you.
* * * LOW HITPOINT WARNING * * *
The death yak barely misses you. The death yak gores you!
* * * LOW HITPOINT WARNING * * *
Your black bear bites the fungus.
The fungus begins to die.
Your black bear completely misses the fungus.
Your black bear claws the fungus!
The death yak gores you!
* * * LOW HITPOINT WARNING * * *
The death yak gores you.
* * * LOW HITPOINT WARNING * * *
Your black bear bites the fungus!
Your black bear claws the fungus. x2
Your black bear bites the death yak.
Your black bear claws the death yak but does no damage.
Your black bear claws the death yak.
The death yak gores you!
You die... ........Y............P...}...# ..#P.PP.###.†##......P#.#...# ###...# ##.#..#.#..#####..# ##..# ##.######.## #.## #YYY#

#YY# #.# P.. #w..#
##.# ..# .## #.YY##
#wY# ##.# #Y.#.#
#PY#### .......
#.h@..#
.....................
##.....#...P#######.#.
..####.#.## #.. ##...
##


You could see 2 death yaks, a torpor snail, 2 yaks and a friendly black bear
(summoned, berserk, slow).

Vanquished Creatures
  4 hydras
  A two-headed ogre (D:9)
  A boulder beetle (Lair:3)
  Erica (Lair:2)
  A dancing weapon (Volcano)
  6 death yaks
  5 wizards (Volcano)
  2 oklob plants (Lair:2)
  4 lindwurms (Lair:2)
  10 elephants
  Joseph (D:8)
  4 black mambas
  5 toenail golems (Volcano)
  10 cane toads
  Maggie (D:8)
  A gargoyle (D:8)
  3 komodo dragons
  A rime drake (Lair:3)
  Grinder (D:3)
  12 blink frogs
  A vampire (D:9)
  4 yaks
  A wraith (Ossuary)
  5 wyverns
  4 steam dragons
  2 basilisks
  Duvessa (D:7)
  2 hell hounds (Lair:1)
  17 water moccasins
  Purgy (Sewer)
  3 ice beasts
  6 black bears
  A hornet zombie (D:7)
  A necrophage (D:6)
  2 sky beasts
  5 ogres
  2 centaurs
  4 wolves (Lair:3)
  A kobold brigand (D:9)
  14 bullfrogs
  A scorpion (D:6)
  Dowan (D:7)
  A killer bee (D:9)
  3 wights (D:8)
  2 howler monkeys (D:9)
  4 electric eels (D:8)
  A jelly (D:5)
  A bullfrog zombie (D:6)
  A hound (D:6)
  2 centaur zombies
  2 orc priests
  2 centaur skeletons
  6 iguanas
  6 orc wizards
  A mummy (Ossuary)
  A howler monkey zombie (D:6)
  7 adders
  2 howler monkey skeletons
  A shadow imp (D:5)
  A white imp (D:5)
  An ufetubus (D:6)
  3 worms
  2 dart slugs
  21 orcs
  8 bats
  8 endoplasms
  3 giant cockroaches
  5 goblins
  9 hobgoblins
  2 jackals (D:4)
  6 kobolds
  A quokka (D:2)
  7 ball pythons
  2 frilled lizards
  5 gnoll skeletons (Ossuary)
  8 kobold skeletons (Ossuary)
  12 orc skeletons (Ossuary)
  5 rats
305 creatures vanquished.

Vanquished Creatures (collateral kills)
  A death yak (Lair:5)
  An orc warrior (D:9)
  An orc wizard (D:9)
  A white imp (D:7)
  An orc (D:9)
5 creatures vanquished.

Vanquished Creatures (others)
  A kobold (D:3)
  72 fungi
  96 plants
169 creatures vanquished.

Grand Total: 479 creatures vanquished

Notes
Turn   | Place    | Note
-------+----------+-------------------------------------------
     0 | D:1      | jejorda2 the Merfolk Berserker began the quest for the Orb.
     0 | D:1      | Reached XP level 1. HP: 18/18 MP: 1/1
    16 | D:1      | Found a faded altar of an unknown god.
   160 | D:1      | Reached XP level 2. HP: 23/24 MP: 2/2
   441 | D:1      | Reached skill level 5 in Polearms
   619 | D:1      | Reached ** piety under Trog
   947 | D:1      | Reached XP level 3. HP: 29/29 MP: 3/3
  2137 | D:2      | Reached XP level 4. HP: 37/37 MP: 4/4
  2470 | D:3      | Found Kaock's Jewellery Shop.
  2494 | D:3      | Reached skill level 6 in Polearms
  2555 | D:3      | Found Pucaerat's Magic Scroll Boutique.
  2613 | D:3      | Reached XP level 5. HP: 31/42 MP: 5/5
  2806 | D:3      | Bought a scroll of magic mapping for 49 gold pieces
  2806 | D:3      | Bought a scroll of identify for 28 gold pieces
  2836 | D:3      | Noticed Grinder
  2853 | D:3      | Killed Grinder
  2854 | D:3      | Reached skill level 7 in Polearms
  2854 | D:3      | Reached XP level 6. HP: 50/50 MP: 6/6
  3030 | D:3      | Found Hidup's Distillery.
  3037 | D:3      | Bought a potion of curing for 39 gold pieces
  3037 | D:3      | Bought a potion of might for 52 gold pieces
  3044 | D:3      | Noticed a steam dragon
  3052 | D:3      | Killed a steam dragon
  3053 | D:3      | Reached skill level 5 in Fighting
  3053 | D:3      | Reached skill level 8 in Polearms
  3053 | D:3      | Reached XP level 7. HP: 56/56 MP: 7/7
  3369 | D:3      | Found Reholir's Assorted Antiques.
  3372 | D:3      | Bought a scroll labelled XEINIPT LYOG for 22 gold pieces
  3600 | D:4      | Found a sand-covered staircase.
  3604 | Ossuary  | Entered an ossuary
  3604 | Ossuary  | Noticed a wraith
  3604 | Ossuary  | Noticed a wraith
  3604 | Ossuary  | Noticed a wraith
  3623 | Ossuary  | Reached *** piety under Trog
  3679 | Ossuary  | Noticed a wraith
  3719 | Ossuary  | Killed a wraith
  3720 | Ossuary  | Reached skill level 9 in Polearms
  4103 | D:4      | Found a staircase to the Ecumenical Temple.
  4425 | D:3      | Bought a murky blue potion for 19 gold pieces
  4549 | D:5      | Entered Level 5 of the Dungeon
  4886 | D:5      | Reached XP level 8. HP: 64/64 MP: 8/8
  4922 | D:5      | Reached skill level 10 in Polearms
  5235 | D:5      | Identified the ring "Husah" {Ice Will+ SInv}
  5299 | D:5      | Reached skill level 11 in Polearms
  5343 | D:5      | Reached **** piety under Trog
  6021 | D:6      | Reached skill level 12 in Polearms
  6037 | D:6      | Reached XP level 9. HP: 69/69 MP: 9/9
  6139 | D:6      | Identified the +6 quarterstaff "Foumel" {vorpal, +Blink
                  | Str+6 Dex-2}
  6184 | D:6      | Reached skill level 5 in Armour
  6213 | D:6      | Found a glowing drain.
  6226 | Sewer    | Entered a sewer
  6261 | Sewer    | Noticed Purgy
  6272 | Sewer    | Killed Purgy
  6273 | Sewer    | Reached skill level 13 in Polearms
  7061 | D:7      | Noticed Dowan
  7062 | D:7      | Noticed Duvessa
  7069 | D:7      | Killed Dowan
  7074 | D:7      | Killed Duvessa
  7253 | D:7      | Reached skill level 14 in Polearms
  7653 | D:8      | Noticed a gargoyle
  7658 | D:8      | Noticed Joseph
  7666 | D:8      | Killed a gargoyle
  7667 | D:8      | Reached XP level 10. HP: 76/76 MP: 10/10
  7691 | D:8      | Killed Joseph
  7692 | D:8      | Reached skill level 15 in Polearms
  8438 | D:8      | Found a glowing golden altar of the Shining One.
  8443 | D:8      | Noticed Maggie
  8456 | D:8      | Killed Maggie
  8548 | D:8      | Reached skill level 16 in Polearms
  8933 | D:9      | Reached skill level 5 in Dodging
  9023 | D:9      | Noticed a two-headed ogre
  9036 | D:9      | Killed a two-headed ogre
  9037 | D:9      | Reached skill level 17 in Polearms
  9363 | D:9      | Reached XP level 11. HP: 81/81 MP: 11/11
  9597 | D:9      | Found a staircase to the Lair.
  9640 | D:9      | Found Radgheasm's Assorted Antiques.
  9648 | D:9      | Bought a sapphire potion for 20 gold pieces
  9648 | D:9      | Bought a runed trident for 149 gold pieces
  9869 | D:9      | Identified the +1 ring mail of Surprise {-Cast Rampage
                  | Will+}
 10069 | Lair:1   | Entered Level 1 of the Lair of Beasts
 10090 | Lair:1   | Reached skill level 18 in Polearms
 10203 | Lair:1   | Found a dark tunnel.
 10227 | Volcano  | Entered a volcano
 10240 | Volcano  | Noticed a wizard
 10256 | Volcano  | Killed a wizard
 10271 | Volcano  | Noticed a wizard
 10300 | Volcano  | Killed a wizard
 10321 | Volcano  | Noticed a wizard
 10321 | Volcano  | Noticed a wizard
 10331 | Volcano  | Killed a wizard
 10334 | Volcano  | Killed a wizard
 10335 | Volcano  | Reached skill level 19 in Polearms
 10451 | Volcano  | Noticed a +1 mace of flaming
 10455 | Volcano  | Killed a +1 mace of flaming
 10554 | Volcano  | Noticed a wizard
 10598 | Volcano  | Killed a wizard
 10599 | Volcano  | Reached XP level 12. HP: 94/94 MP: 12/12
 10804 | Lair:1   | Reached skill level 20 in Polearms
 11175 | Lair:1   | Reached skill level 10 in Fighting
 11572 | Lair:1   | Reached skill level 1 in Throwing
 11572 | Lair:1   | Reached skill level 1 in Evocations
 11585 | Lair:1   | Identified the +5 hand axe of Cataclysm {freeze, MP+9}
 11858 | Lair:2   | Noticed Erica
 11867 | Lair:2   | Killed Erica
 11986 | Lair:2   | Noticed an eight-headed hydra
 11996 | Lair:2   | Killed an eight-headed hydra
 13929 | Lair:3   | Noticed a boulder beetle
 13941 | Lair:3   | Killed a boulder beetle
 13942 | Lair:3   | Reached XP level 13. HP: 92/111 MP: 13/13
 14611 | Lair:2   | Reached skill level 5 in Throwing
 14611 | Lair:2   | Reached skill level 5 in Evocations
 15074 | Lair:4   | Found a staircase to the Snake Pit.
 15379 | Lair:4   | Found a staircase to the Swamp.
 15393 | Lair:4   | Reached skill level 15 in Fighting
 16384 | Lair:5   | Slain by a death yak

Illustrated notes

Levels and vault maps discovered:
D:1:      dpeg_arrival_line_fractal, layout_loops_ring,
          hellmonk_ecumenical_altar_pennies_from_heaven,
          serial_co_window_serial, co_window_corner_a,
          co_window_of_opportunity_a, co_window_cross_1, co_window_paths_b,
          co_window_cross_1, co_window_corner_a, co_window_corner_a,
          co_window_of_opportunity_a, co_window_paths_a,
          co_window_of_opportunity_b, co_window_cross_2, co_window_broadway_a,
          co_window_cross_2, glass_columns_b, glass_columns_a, glass_columns_a,
          glass_columns_c, roderic_serpentine_path, minmay_tromino_i2
D:2:      layout_basic, serial_park_tiny_pond, kennysheep_cross_room
D:3:      layout_loops_ring, serial_shops, shop, nicolae_shop_behind_doors,
          shop, nicolae_shop_statue_plus, chequers_serial_rivers_small_3,
          amcnicky_mini_pool_small, uniq_grinder
D:4:      layout_rooms, minmay_temple_entry_sparse_star,
          nicolae_ossuary_entry_plus
D:5:      layout_layer_cave, minmay_manual_mess
D:6:      layout_loops_ring, serial_rivers, chequers_serial_rivers_small_a,
          chequers_serial_rivers_micro_c, chequers_serial_rivers_small_a,
          chequers_serial_rivers_micro_a, chequers_serial_rivers_room_a,
          chequers_serial_rivers_room_b, portal_sewer_entry_b,
          minmay_misc_feat_tower
D:7:      layout_gridville, uniq_duvessa
D:8:      layout_basic, lemuel_tele_altar, serial_bayou_lake_a, uniq_joseph,
          uniq_maggie
D:9:      layout_rooms, due_lair_maze_entry_diamond, serial_shops, shop,
          minmay_increasing_density
Lair:1:   layout_concentric_octagons, enter_volcano_3
Lair:2:   layout_gridlike, grunt_forest_stairs_basic, serial_bayou_pond_c,
          minivault_23, minmay_lindwurm_lava, minmay_lair_oklob_chamber,
          uniq_erica
Lair:3:   layout_regular_city
Lair:4:   layout_layer_cave, swamp_mist, minmay_snake_entry_six_corridors
Lair:5:   layout_small_grid

Skill      XL: |  1  2  3  4  5  6  7  8  9 10 11 12 13 |
---------------+----------------------------------------+-----
Polearms       | 5 6 7 8 9 12 14 17 19 20 | 20.0
Armour         | 2 3 4 5 6 7 |  7.2
Fighting       | 4 5 6 8 13 16 | 16.2
Dodging        | 6 |  6.0
Throwing       | 4 6 |  6.0
Evocations     | 4 6 |  6.0

Action                   |  1- 3 |  4- 6 |  7- 9 | 10-12 | 13-15 || total
-------------------------+-------+-------+-------+-------+-------++-------
Melee: Trident           |   106 |    67 |   441 |   776 |   383 ||  1773
       Spear             |     2 |       |       |       |       ||     2
Throw: Dart              |       |       |     9 |    19 |     5 ||    33
       Boomerang         |       |       |     2 |       |       ||     2
Invok: Berserk           |     2 |     3 |     4 |    12 |     5 ||    26
       Trog's Hand       |       |     1 |     2 |    13 |     2 ||    18
       Brothers in Arms  |       |       |     1 |     1 |     2 ||     4
  Use: Scroll            |       |     3 |    20 |     6 |       ||    29
       Potion            |       |       |       |     1 |     1 ||     2
 Stab: Sleeping          |     4 |       |       |       |       ||     4
Armor: Animal skin       |    17 |     7 |     6 |       |       ||    30
       Ring mail         |       |       |    14 |       |       ||    14
       Chain mail        |       |       |   121 |   281 |   157 ||   559
Dodge: Dodged            |    46 |    33 |   137 |   216 |    85 ||   517

Table legend: (Time is in decaauts)
 A = Elapsed time spent in this place.
 B = Non-inter-level travel time spent in this place.
 C = Inter-level travel time spent in this place.
 D = Time resting spent in this place.
 E = Time spent auto-exploring this place.
 F = Levels seen in this place.
 G = Mean time per level.
                   A        B        C        D        E       F      G
               +--------+--------+--------+--------+--------+-----+--------+
         Total |  15966 |  15410 |    556 |   1647 |  10909 |  17 |  939.2 |
       Dungeon |   9333 |   8994 |    339 |   1102 |   6348 |   9 | 1037.0 |
          Lair |   5627 |   5411 |    216 |    408 |   4111 |   5 | 1125.4 |
         Sewer |    298 |    298 |      0 |      0 |    252 |   1 |  298.0 |
       Ossuary |    283 |    283 |      0 |     67 |    101 |   1 |  283.0 |
       Volcano |    422 |    422 |      0 |     69 |     96 |   1 |  422.0 |
               +--------+--------+--------+--------+--------+-----+--------+

Top non-repeatable levels by time:
     D:1: 1706 daAuts
  Lair:3: 1529 daAuts
     D:9: 1343 daAuts
  Lair:4: 1330 daAuts
     D:5: 1310 daAuts
  Lair:2: 1283 daAuts
  Lair:1: 1280 daAuts
     D:3: 1265 daAuts
     D:8: 1005 daAuts
     D:2: 781 daAuts
     D:6: 722 daAuts
     D:7: 627 daAuts
     D:4: 570 daAuts
 Volcano: 422 daAuts
   Sewer: 298 daAuts
